 Dungeon Crawl Stone Soup version 0.25-a0-578-gc91f01c39c (webtiles) character file.

Game seed: 10417752791079700443, levelgen mode: deterministic

287652 Ijustatesigmund the Warrior (level 21, -2/199 HPs)
             Began as a Human Gladiator on Feb 19, 2020.
             Was the Champion of the Shining One.
             Slain by a caustic shrike (4 damage)
             ... on level 2 of the Depths on Mar 3, 2020.
             The game lasted 02:23:39 (48773 turns).

Ijustatesigmund the Warrior (Human Gladiator)      Turns: 48773, Time: 02:23:40

Health: -2/199     AC: 30    Str: 19    XL:     21   Next: 55%
Magic:  26/33      EV: 18    Int: 11    God:    the Shining One [******]
Gold:   1404       SH: 19    Dex: 18    Spells: 36/37 levels left

rFire    + . .     SeeInvis .   R - +9 Maxwell's thermic engine {flame, freeze}
rCold    . . .     Gourm    .   d - +3 kite shield
rNeg     + + +     Faith    .   c - +14 plate armour "Koral" {+Inv rN+}
rPois    .         Spirit   .   M - +2 hat
rElec    .         Reflect  +   S - scarf {repulsion}
rCorr    .         Harm     .   g - +2 pair of gloves
MR       +....                  h - +2 pair of boots
Stlth    ..........             e - +3 amulet of reflection
HPRegen  0.43/turn              n - +4 ring of evasion
MPRegen  0.23/turn              z - +5 ring of slaying

@: corroded, glowing, repel missiles
A: blurry vision 1, fire resistance 1, robust 1, wild magic 1
}: 2/15 runes: decaying, serpentine
a: Divine Shield, Cleansing Flame, Summon Divine Warrior, Brand Weapon With Holy
Wrath, Renounce Religion, Evoke Invisibility


You were on level 2 of the Depths.
You worshipped the Shining One.
The Shining One was exalted by your worship.
You were hungry.

You visited 7 branches of the dungeon, and saw 34 of its levels.
You also visited: Ossuary and Ice Cave.

You collected 3438 gold pieces.
You spent 2034 gold pieces at shops.

Inventory:

Hand Weapons
 N - a +3 demon blade of pain
 R - the +9 Maxwell's thermic engine (weapon) {flame, freeze}
   (You found it on level 2 of the Lair of Beasts)

   It has been specially enchanted to burn those struck by it, causing extra
   injury to most foes and up to half again as much damage against particularly
   susceptible opponents.
   Big, fiery blades are also staple armaments of hydra-hunters.
   It has been specially enchanted to freeze those struck by it, causing extra
   injury to most foes and up to half again as much damage against particularly
   susceptible opponents.
Missiles
 v - 5 silver javelins
 y - 2 throwing nets
 K - 10 datura-tipped darts (quivered)
Armour
 c - the +14 plate armour "Koral" (worn) {+Inv rN+}
   (You found it on level 6 of the Lair of Beasts)

   It protects you from negative energy.
   It lets you turn invisible.
   If you remove this armour, your AC will decrease by 29 (30 -> 1).
 d - a +3 kite shield (worn)
 g - a +2 pair of gloves (worn)
 h - a +2 pair of boots (worn)
 F - the +2 cloak of Muttered Phrases {rF- rCorr Stlth+}
   (You found it on level 3 of the Swamp)

   It makes you vulnerable to fire.
   It provides partial protection from all sources of acid and corrosion.
   It makes you more stealthy.
   If you switch to wearing this armour, your AC will increase by 4 (30 -> 34).
 M - a +2 hat (worn)
 S - a scarf of repulsion (worn)
Jewellery
 e - a +3 amulet of reflection (around neck)
 i - an uncursed ring of fire
 k - an uncursed ring of protection from cold
 n - a +4 ring of evasion (left hand)
 s - an uncursed ring of wizardry
 z - a +5 ring of slaying (right hand)
 C - an uncursed ring of protection from fire
 L - the ring "Reuzisyq" {Fire MR+ Dex+3 Stlth-}
   (You found it on level 13 of the Dungeon)

   [ring of fire]

   It enhances your fire magic.
   It affects your dexterity (+3).
   It protects you from fire.
   It makes you vulnerable to cold.
   It affects your resistance to hostile enchantments.
   It makes you less stealthy.
 P - an uncursed ring of flight
 X - an uncursed ring of protection from cold
Wands
 w - a wand of disintegration (1)
 x - a wand of flame (19)
 G - a wand of acid (21)
 U - a wand of polymorph (9)
 V - a wand of digging (19)
 Y - a wand of paralysis (4)
Scrolls
 a - 3 scrolls of holy word
 l - 4 scrolls of immolation
 q - 16 scrolls of remove curse
 t - 5 scrolls of fear
 u - 6 scrolls of teleportation
 A - 4 scrolls of enchant weapon
 D - 8 scrolls of blinking
 H - 21 scrolls of identify
 I - 3 scrolls of summoning
 O - a scroll of amnesia
 W - 8 scrolls of fog
Potions
 b - 6 potions of mutation
 j - a potion of ambrosia
 m - a potion of magic
 o - 6 potions of brilliance
 p - 5 potions of flight
 r - 4 potions of heal wounds
 B - a potion of might
 E - 3 potions of stabbing
 J - 4 potions of haste
 Q - 2 potions of cancellation
 T - 3 potions of curing
 Z - a potion of berserk rage
Comestibles
 f - 46 rations


   Skills:
 + Level 19.4 Fighting
 - Level 14.9 Long Blades
 - Level 5.1 Throwing
 - Level 12.2 Armour
 - Level 14.6 Dodging
 - Level 11.4 Shields
 - Level 8.6 Spellcasting
 - Level 5.5 Translocations
 - Level 17.2 Invocations
 - Level 5.6 Evocations


You had 36 spell levels left.
You knew the following spells:

 Your Spells              Type           Power        Failure   Level  Hunger
a - Apportation           Tloc           ###...       45%         1    None

Your spell library contained the following spells:

 Spells                   Type           Power        Failure   Level  Hunger
 Blink                    Tloc           N/A          61%         2    #......
 Animate Skeleton         Necr           N/A          99%         1    None
 Corona                   Hex            #......      99%         1    None
 Infusion                 Chrm           #...         99%         1    None
 Magic Dart               Conj           #...         99%         1    None
 Pain                     Necr           #...         99%         1    None
 Sandblast                Erth           #.....       99%         1    None
 Sting                    Tmut/Pois      #...         99%         1    None
 Summon Butterflies       Summ           #.......     99%         1    None
 Summon Small Mammal      Summ           #...         99%         1    None
 Portal Projectile        Hex/Tloc       ##....       99%         3    ##.....
 Call Imp                 Summ           #.......     100%        2    #......
 Corpse Rot               Necr/Air       N/A          100%        2    #......
 Passwall                 Tmut/Erth      #.......     100%        2    #......
 Poisonous Vapours        Pois/Air       #.....       100%        2    #......
 Slow                     Hex            #.......     100%        2    #......
 Sublimation of Blood     Necr           #.........   100%        2    #......
 Call Canine Familiar     Summ           #.......     100%        3    ##.....
 Conjure Flame            Conj/Fire      #.......     100%        3    ##.....
 Ignite Poison            Fire/Tmut/Pois #.......     100%        3    ##.....
 Inner Flame              Hex/Fire       #.......     100%        3    ##.....
 Mephitic Cloud           Conj/Pois/Air  #.......     100%        3    ##.....
 Stone Arrow              Conj/Erth      #.....       100%        3    ##.....
 Vampiric Draining        Necr           #.........   100%        3    ##.....
 Animate Dead             Necr           N/A          100%        4    ####...
 Cause Fear               Hex            #.........   100%        4    ####...
 Dispel Undead            Necr           #.......     100%        4    ####...
 Leda's Liquefaction      Hex/Erth       #.........   100%        4    ####...
 Olgreb's Toxic Radiance  Pois           #.......     100%        4    ####...
 Petrify                  Tmut/Erth      #.......     100%        4    ####...
 Summon Ice Beast         Ice/Summ       #.......     100%        4    ####...
 Agony                    Necr           #.......     100%        5    ######.
 Bolt of Magma            Conj/Fire/Erth #.........   100%        5    ######.
 Excruciating Wounds      Chrm/Necr      #.........   100%        5    ######.
 Lee's Rapid Deconstruct  Erth           #.........   100%        5    ######.
 Summon Mana Viper        Hex/Summ       #.......     100%        5    ######.
 Deflect Missiles         Chrm/Air       #.........   100%        6    #######
 Iron Shot                Conj/Erth      #.........   100%        6    #######
 Statue Form              Tmut/Erth      #........    100%        6    #######
 Malign Gateway           Summ/Tloc      ##........   100%        7    #######
 Summon Hydra             Summ           #.........   100%        7    #######
 Shatter                  Erth           #.........   100%        9    #######


Dungeon Overview and Level Annotations

Branches:
Dungeon (15/15)            Temple (1/1) D:6            Lair (6/6) D:9
  Swamp (4/4) Lair:4        Snake (4/4) Lair:3        Slime (0/5) Lair:5
    Orc (2/2) D:9             Elf (0/3) Orc:2        Vaults (0/5) D:14
 Depths (2/5) D:15        Ossuary (visited)           IceCv (visited)

Altars:
Ashenzari
Cheibriados
Dithmenos
Elyvilon
Fedhas
Hepliaklqana
Makhleb
Nemelex Xobeh
Okawaru
Qazlal
Sif Muna
Uskayaw
Vehumet
Wu Jian
Xom
Yredelemnul
Zin
The Shining One
Beogh
Jiyva

Shops:
D:4 [   D:11 %(}   D:12 =   D:15 ?   Orc:2 [:?:   Snake:2 }=}   Snake:3 !}=
Depths:1 *

Portals:
Hell: Depths:1
Abyss: Depths:1
Pandemonium: Depths:2
Ziggurat: Depths:1

Annotations:
D:9 exclusion: ice statue
D:12 1 runed translucent door, ICC's ghost, journeyman VSFi
Lair:1 exclusion: oklob plant
Lair:5 exclusion: oklob plant


Innate Abilities, Weirdness & Mutations

Scrolls take you a little longer to read.
Your flesh is heat resistant. (rF+)
You are robust. (+10% HP)
Your spells are a little harder to cast, but a little more powerful.


Message History

You begin reading the scroll.
You continue reading the scroll.
The caustic shrike closely misses you. The caustic shrike barely misses you.
You block the caustic shrike's attack. x2; The caustic shrike claws you!!
* * * LOW HITPOINT WARNING * * *
You are splashed with acid!
* * * LOW HITPOINT WARNING * * *
The tengu warrior unwields a +2 battleaxe of electrocution.
It stops crackling.
The tengu warrior wields a cursed -2 arbalest.
The tengu warrior shoots a bolt.
The bolt misses you.
The bolt hits the caustic shrike!!
The caustic shrike claws you.
* * * LOW HITPOINT WARNING * * *
You are splashed with acid.
* * * LOW HITPOINT WARNING * * *
The caustic shrike claws you!
* * * LOW HITPOINT WARNING * * *
The acid corrodes you!
You are splashed with acid!
* * * LOW HITPOINT WARNING * * *
The caustic shrike claws you.
You die...

......)......##
.8...)'.......###
....['(.........##
.8))##.........[⌠##
..).#####.........##
|§.##...###........##
..##......#)'Q......##
###.......).'#..bb...##
.........)...##.@b....#
..............##.b)...#
.8.......8.....##...''#
...8............###''.D.
................# ..T..
##.○.8.........## ....
##...........## ... ≈≈≈
..


You could see 4 caustic shrikes, a storm dragon, a tengu warrior and a deep
troll earth mage.

Vanquished Creatures
  Mara (Swamp:4)
  Bai Suzhen (Snake:3)
  A golden dragon (Depths:2)
  A caustic shrike (Depths:2)
  Nikola (Swamp:1)
  A tentacled monstrosity (Depths:2)
  A quicksilver dragon (Depths:2)
  Frances (D:14)
  Gastronok (D:9)
  A thorn hunter (Swamp:4)
  A shadow dragon (Depths:2)
  6 nagarajas
  Roxanne (Swamp:3)
  A fire giant (Depths:2)
  A frost giant (Depths:1)
  Aizul (Snake:3)
  An orc warlord (Orc:2)
  A balrug (Depths:2)
  A reaper (Depths:2)
  The ghost of Demp the Impaler, a journeyman MiMo of Cheibriados (Orc:1)
  2 very ugly things (Depths:2)
  A deep elf demonologist (Depths:2)
  A deep elf annihilator (Depths:2)
  2 spark wasps (Depths:1)
  Snorg (Orc:1)
  A blizzard demon (Depths:2)
  6 ettins
  The ghost of daodarkstar the Sculptor of Flesh, a journeyman DsFi of Yredelemnul (D:13)
  Josephine (Swamp:1)
  A fire dragon (Depths:1)
  2 deep elf high priests (Depths:2)
  Harold (D:6)
  3 ogre magi
  15 naga warriors
  A rakshasa (Depths:1)
  14 hydras
  2 ghost crabs (Swamp:1)
  2 spriggan air magi (Depths:2)
  3 vault guards (D:14)
  2 shambling mangroves
  An ice dragon (Depths:1)
  Erica (D:11)
  A catoblepas (Lair:6)
  A dancing weapon (Orc:1)
  17 two-headed ogres
  11 anacondas
  7 centaur warriors
  10 death yaks
  3 spriggan berserkers (Depths:2)
  3 deep troll earth magi (Depths:1)
  4 deep troll shamans
  10 tengu warriors
  5 alligators
  5 orc high priests
  8 shock serpents
  13 naga sharpshooters
  A sun demon (Depths:2)
  3 soul eaters (Depths:2)
  3 skeletal warriors
  A spriggan (Swamp:4)
  A salamander mystic (Snake:3)
  4 iron trolls
  8 sea snakes (Snake:4)
  11 swamp dragons
  An unseen horror (D:15)
  7 deep trolls
  9 wizards
  A deep elf archer (Depths:2)
  Pikel (D:6)
  A spriggan druid (Swamp:4)
  5 orc knights
  7 lindwurms
  3 necromancers
  9 naga ritualists
  6 orc sorcerers
  18 ugly things
  10 mana vipers
  2 deep elf magi
  9 salamanders
  4 cyclopes
  3 manticores
  2 centaur zombies
  9 elephants
  43 black mambas
  9 guardian serpents
  2 rust devils (Depths:2)
  14 naga magi
  2 ice statues (IceCv)
  A gargoyle (D:10)
  A torpor snail (Lair:6)
  25 spiny frogs
  2 freezing wraiths (Depths:2)
  5 yaktaurs
  2 rime drakes
  6 komodo dragons
  A kobold demonologist (D:15)
  2 tengu conjurers (Depths:2)
  3 efreet
  3 ice devils (D:13)
  2 red devils (Depths:2)
  9 trolls
  3 meliai (Lair:4)
  A queen bee (Lair:4)
  A troll (shapeshifter) (D:15)
  3 hornets
  2 polar bears
  8 tyrant leeches
  37 slime creatures
  30 blink frogs
  6 bog bodies
  10 hippogriffs
  3 flying skulls (Depths:2)
  4 centaur simulacra
  33 yaks
  7 wraiths
  3 vampires
  3 wyverns
  5 shadows
  4 basilisks
  Sigmund (D:3)
  15 humans (D:14)
  23 vampire mosquitoes
  A hungry ghost (D:15)
  A redback simulacrum (D:15)
  6 soldier ants
  47 nagas
  9 insubstantial wisps
  4 wargs
  A harpy simulacrum (D:15)
  19 swamp worms
  A hell hound (Depths:2)
  Duvessa (D:6)
  11 water moccasins
  An acid dragon (D:13)
  6 porcupines
  7 ice beasts
  41 orc warriors
  4 sky beasts
  13 swamp drakes
  A slave (D:6)
  An eye of draining (D:15)
  A hornet zombie (D:15)
  2 phantoms
  20 centaurs
  28 ogres
  6 wolves
  8 crocodiles
  An elf zombie (Ossuary)
  4 big kobolds
  24 bullfrogs
  A wyvern zombie (D:12)
  Dowan (D:6)
  A gnoll sergeant (D:8)
  2 wyvern skeletons
  7 scorpions
  A hornet simulacrum (D:13)
  7 wights
  26 killer bees
  4 electric eels
  5 howler monkeys
  7 crimson imps
  7 hounds
  3 quasits
  4 bullfrog zombies
  9 jellies
  34 orc priests
  3 bullfrog skeletons
  8 centaur skeletons
  26 worker ants
  Terence (D:2)
  4 iguanas
  26 orc wizards
  2 bullfrog simulacra (D:13)
  2 hound zombies
  3 mummies (Ossuary)
  A killer bee simulacrum (D:10)
  A worker ant zombie (D:7)
  12 gnolls
  14 adders
  A hound simulacrum (D:10)
  3 shadow imps
  A white imp (D:10)
  2 oozes (Lair:5)
  2 adder skeletons (D:4)
  4 adder zombies
  4 worms
  3 dart slugs
  4 leopard geckos
  125 orcs
  5 giant cockroaches
  A gnoll zombie (Ossuary)
  8 goblins
  8 hobgoblins
  5 jackals
  15 kobolds
  9 quokkas
  2 ball pythons (D:2)
  A ball python skeleton (D:4)
  6 bats
  3 frilled lizards
  3 goblin zombies (Ossuary)
  3 hobgoblin zombies (Ossuary)
  3 kobold zombies (Ossuary)
  A leopard gecko skeleton (D:4)
  A quokka skeleton (D:4)
  3 quokka zombies (Ossuary)
  11 rats
  A rat zombie (Ossuary)
  2 crawling corpses (Depths:2)
1391 creatures vanquished.

Vanquished Creatures (collateral kills)
  A golden dragon (Depths:2)
  A nagaraja (Snake:4)
  A deep elf demonologist (Depths:2)
  A deep elf high priest (Depths:2)
  2 tengu warriors (Depths:2)
  A sun demon (Depths:2)
  A deep elf mage (Depths:2)
  A naga mage (Snake:3)
  A hell hound (Depths:2)
  An orc warrior (D:9)
  3 orc priests
  6 orcs
20 creatures vanquished.

Vanquished Creatures (others)
  Asterion (Snake:1)
  A centaur warrior (Depths:1)
  A queen ant (D:9)
  A quicksilver dragon simulacrum (Depths:2)
  A black mamba (Snake:2)
  A yaktaur (Depths:1)
  A swamp worm (Swamp:2)
  A swamp drake (Swamp:4)
  2 ettin simulacra (Depths:2)
  An orc warrior (D:9)
  3 centaurs
  A jelly (D:13)
  An orc priest (Orc:2)
  2 orc wizards
  A worker ant (D:9)
  4 orcs
  7 fungi
  50 plants
80 creatures vanquished.

Grand Total: 1491 creatures vanquished

Notes
Turn   | Place    | Note
-------+----------+-------------------------------------------
     0 | D:1      | Ijustatesigmund the Human Gladiator began the quest for the
                  | Orb.
     0 | D:1      | Reached XP level 1. HP: 16/16 MP: 1/1
   118 | D:1      | Reached XP level 2. HP: 22/22 MP: 2/2
   620 | D:1      | Reached XP level 3. HP: 28/28 MP: 3/3
  1249 | D:2      | Reached skill level 3 in Fighting
  1342 | D:2      | Reached XP level 4. HP: 35/35 MP: 4/4
  1714 | D:2      | Reached skill level 1 in Armour
  1714 | D:2      | Reached XP level 5. HP: 41/41 MP: 5/5
  2038 | D:2      | Noticed Terence
  2049 | D:2      | Killed Terence
  2089 | D:3      | Noticed Sigmund
  2112 | D:3      | Killed Sigmund
  2112 | D:3      | Reached skill level 4 in Fighting
  2112 | D:3      | Reached XP level 6. HP: 35/48 MP: 6/6
  2193 | D:3      | Found a faded altar of an unknown god.
  2895 | D:4      | Reached skill level 5 in Long Blades
  2954 | D:4      | Reached XP level 7. HP: 55/55 MP: 7/7
  3028 | D:4      | Found Xaoriqam's Armour Emporium.
  3053 | D:4      | Found a blossoming altar of Fedhas.
  3171 | D:4      | Found an iron altar of Okawaru.
  3173 | D:4      | Found a snail-covered altar of Cheibriados.
  3199 | D:4      | Reached skill level 5 in Fighting
  3279 | D:4      | Found a stormy altar of Qazlal.
  3320 | D:4      | Found a sand-covered staircase.
  3325 | Ossuary  | Entered an ossuary
  3578 | Ossuary  | Reached XP level 8. HP: 55/62 MP: 8/8
  4078 | D:4      | Found a burning altar of Makhleb.
  4138 | D:5      | Entered Level 5 of the Dungeon
  4201 | D:5      | Reached skill level 1 in Shields
  4655 | D:5      | You fall into a shaft and drop 1 floor!
  4657 | D:6      | Found a staircase to the Ecumenical Temple.
  4671 | Temple   | Entered the Ecumenical Temple
  4694 | Temple   | Became a worshipper of the Shining One
  4762 | D:6      | Reached skill level 6 in Fighting
  4767 | D:6      | Reached skill level 1 in Invocations
  4922 | D:6      | Reached XP level 9. HP: 57/69 MP: 10/10
  5239 | D:6      | Noticed Pikel
  5264 | D:6      | Killed Pikel
  5264 | D:6      | Reached skill level 5 in Shields
  5459 | D:7      | Noticed Duvessa
  5462 | D:7      | Noticed Dowan
  5572 | D:6      | Killed Duvessa
  5580 | D:6      | Killed Dowan
  5728 | D:7      | Reached skill level 7 in Fighting
  5732 | D:7      | Noticed a two-headed ogre
  5805 | D:7      | Killed a two-headed ogre
  5805 | D:7      | Reached XP level 10. HP: 45/79 MP: 11/13
  6423 | D:6      | Reached * piety under the Shining One
  6539 | D:7      | Noticed Harold
  6698 | D:6      | Killed Harold
  6698 | D:6      | Reached skill level 5 in Invocations
  6891 | D:8      | Found a shattered altar of Ashenzari.
  7190 | D:8      | Reached skill level 8 in Fighting
  7607 | D:9      | Found a staircase to the Lair.
  7688 | D:9      | Noticed a queen ant
  8033 | D:9      | Noticed an ice statue
  8171 | D:9      | Reached XP level 11. HP: 39/86 MP: 15/15
  8428 | D:9      | Noticed Gastronok
  8455 | D:9      | Reached ** piety under the Shining One
  9286 | D:9      | Found a glowing silver altar of Zin.
  9287 | D:9      | Found a white marble altar of Elyvilon.
  9288 | D:9      | Found a radiant altar of Vehumet.
  9288 | D:9      | Found a shadowy altar of Dithmenos.
  9290 | D:9      | Found an ornate altar of the Wu Jian Council.
  9291 | D:9      | Found a shimmering blue altar of Sif Muna.
  9397 | D:9      | Reached skill level 5 in Throwing
  9736 | D:9      | Killed a queen ant
 10479 | D:9      | Found a roughly hewn altar of Beogh.
 10479 | D:9      | Found a staircase to the Orcish Mines.
 10775 | D:9      | Gained mutation: Your flesh is heat resistant. (rF+)
                  | [potion of mutation]
 10775 | D:9      | Gained mutation: Scrolls take you a little longer to read.
                  | [potion of mutation]
 10775 | D:9      | Gained mutation: You are robust. (+10% HP) [potion of
                  | mutation]
 10775 | D:9      | Gained mutation: Your spells are a little harder to cast,
                  | but a little more powerful. [potion of mutation]
 10791 | D:9      | Killed Gastronok
 10791 | D:9      | Reached skill level 9 in Fighting
 11789 | D:10     | Entered Level 10 of the Dungeon
 12215 | D:10     | Noticed a cyan ugly thing
 12236 | D:10     | Killed a cyan ugly thing
 12659 | D:10     | Found a radiant altar of Vehumet.
 12783 | D:10     | Reached XP level 12. HP: 97/105 MP: 17/17
 12825 | D:10     | Reached *** piety under the Shining One
 12825 | D:10     | Reached skill level 1 in Evocations
 13388 | D:11     | Found the +4 skin of Zhor {Englaciate rC+++ SInv}
 13406 | D:11     | Upgraded the game from 0.25-a0-528-g6b7c99946c to
                  | 0.25-a0-544-gee0576305d
 13475 | D:11     | Reached skill level 10 in Long Blades
 13536 | D:11     | Found Nyuguxiq's Weapon Shop.
 13536 | D:11     | Found Yduimm's Gadget Emporium.
 13598 | D:11     | Found Gerchot's Food Shop.
 14007 | D:11     | Noticed Erica
 14038 | D:11     | Killed Erica
 14263 | D:11     | You fall into a shaft and drop 2 floors!
 14300 | D:13     | Noticed a two-headed ogre
 14685 | D:12     | Reached **** piety under the Shining One
 14685 | D:12     | Reached skill level 10 in Fighting
 14915 | D:11     | Reached skill level 5 in Armour
 16198 | D:12     | You fall into a shaft and drop 3 floors!
 16198 | D:15     | Entered Level 15 of the Dungeon
 16483 | D:15     | Reached XP level 13. HP: 110/113 MP: 19/19
 16508 | D:15     | Reached skill level 5 in Dodging
 16508 | D:15     | Noticed an ogre mage
 16520 | D:15     | Killed an ogre mage
 16527 | D:15     | Found Cewk's Magic Scroll Emporium.
 16610 | D:15     | Reached skill level 5 in Evocations
 16803 | D:15     | Noticed a centaur warrior
 16870 | D:15     | Killed a centaur warrior
 17016 | D:15     | Bought a scroll of teleportation for 54 gold pieces
 17028 | D:14     | Noticed a centaur warrior
 17037 | D:14     | Killed a centaur warrior
 17359 | D:12     | Found Faotyl's Jewellery Shoppe.
 17368 | D:12     | Upgraded the game from 0.25-a0-544-gee0576305d to
                  | 0.25-a0-558-g78a2afb0af
 17401 | D:12     | Found a runed translucent door.
 17403 | D:12     | Noticed ICC's ghost (journeyman VSFi)
 17404 | D:12     | Identified the +8 spear "Zaaluise" {holy, Str-3 Int+7}
 17593 | D:12     | Reached skill level 10 in Invocations
 17612 | D:12     | Got a bloodstained flail
 17615 | D:12     | Identified the +7 flail "Bamais" {flame, *Contam Dex+9}
                  | (You found it on level 12 of the Dungeon)
 17993 | D:13     | Noticed a centaur warrior
 18331 | D:13     | Killed a centaur warrior
 18331 | D:13     | Reached skill level 11 in Fighting
 19186 | D:13     | Found a runed translucent gate.
 19186 | D:13     | Found a runed translucent gate.
 19186 | D:13     | Found a runed translucent gate.
 19210 | D:13     | Noticed daodarkstar's ghost (journeyman DsFi)
 19210 | D:13     | Reached ***** piety under the Shining One
 19213 | D:13     | Reached XP level 14. HP: 124/124 MP: 18/21
 19245 | D:13     | Killed daodarkstar's ghost
 19256 | D:13     | Got the ring "Reuzisyq" {Fire}
 19258 | D:13     | Identified the ring "Reuzisyq" {Fire MR+ Dex+3 Stlth-} (You
                  | found it on level 13 of the Dungeon)
 20207 | Lair:1   | Entered Level 1 of the Lair of Beasts
 20734 | Lair:2   | Found the +2 Maxwell's thermic engine {flame, freeze}
 20757 | Lair:2   | Identified a scroll of acquirement
 20757 | Lair:2   | Identified the +2 double sword of Execution {flame, Dex+4}
                  | (You acquired it on level 2 of the Lair of Beasts)
 22264 | Lair:3   | Found a staircase to the Snake Pit.
 22739 | Lair:4   | Reached skill level 12 in Fighting
 22790 | Lair:4   | Learned a level 1 spell: Apportation
 22933 | Lair:4   | Found a staircase to the Swamp.
 23023 | Lair:4   | Reached skill level 1 in Translocations
 23721 | Lair:4   | Reached XP level 15. HP: 132/132 MP: 23/23
 24170 | Lair:5   | Found a runed translucent door.
 24777 | Lair:5   | Found a viscous altar of Jiyva.
 24779 | Lair:5   | Found a staircase to the Slime Pits.
 24826 | Lair:6   | Entered Level 6 of the Lair of Beasts
 25201 | Lair:6   | Got a diamond-encrusted plate armour
 25376 | Lair:6   | Reached skill level 10 in Armour
 25538 | Lair:6   | Identified the +14 plate armour "Koral" {+Inv rN+} (You
                  | found it on level 6 of the Lair of Beasts)
 25676 | Lair:6   | Found the +10 zealot's sword {holy, *Rage rN+ EV+3}
 25712 | Lair:6   | Reached skill level 5 in Translocations
 26112 | Orc:1    | Entered Level 1 of the Orcish Mines
 26147 | Orc:1    | Reached XP level 16. HP: 139/141 MP: 25/25
 26152 | Orc:1    | Found a frozen archway.
 26172 | IceCv    | Entered an ice cave
 26179 | IceCv    | Reached skill level 13 in Fighting
 26191 | IceCv    | Found a transporter.
 26211 | IceCv    | Found a transporter.
 26544 | Orc:1    | Found a roughly hewn altar of Beogh.
 26720 | Orc:1    | Found a runed translucent door.
 26721 | Orc:1    | Found a shimmering altar of Xom.
 26721 | Orc:1    | Noticed Demp's ghost (journeyman MiMo)
 26750 | Orc:1    | Killed Demp's ghost
 26753 | Orc:1    | Identified the Papyrus of Talismans and the Entourage
 26760 | Orc:1    | Upgraded the game from 0.25-a0-558-g78a2afb0af to
                  | 0.25-a0-566-g062765be81
 26784 | Orc:2    | Entered Level 2 of the Orcish Mines
 27215 | Orc:2    | Found a staircase to the Elven Halls.
 27402 | Orc:2    | Found a roughly hewn altar of Beogh.
 27774 | Orc:2    | Found Vatapn's Magic Scroll Emporium.
 27788 | Orc:2    | Bought a scroll of enchant weapon for 82 gold pieces
 27788 | Orc:2    | Bought a scroll of enchant armour for 82 gold pieces
 27788 | Orc:2    | Bought a scroll of identify for 22 gold pieces
 27788 | Orc:2    | Bought a scroll of blinking for 82 gold pieces
 27788 | Orc:2    | Bought a scroll of blinking for 82 gold pieces
 27819 | Orc:2    | Reached ****** piety under the Shining One
 27880 | Orc:2    | Found Nucraz Hery's Book Shop.
 28014 | Orc:2    | Found a roughly hewn altar of Beogh.
 28108 | Orc:2    | Found Vemumm's Book Emporium.
 28122 | Orc:2    | Found Ygufah's Armour Shoppe.
 28406 | Orc:1    | Noticed Snorg
 28413 | Orc:1    | Killed Snorg
 28620 | Orc:2    | Bought a manual of Dodging for 1545 gold pieces
 28870 | D:14     | Noticed Frances
 28959 | D:14     | Killed Frances
 28996 | D:14     | Paralysed by a wizard for 6 turns
 29570 | D:14     | Reached XP level 17. HP: 145/150 MP: 27/27
 29595 | D:14     | Found a gate to the Vaults.
 29602 | D:14     | Paralysed by a wizard for 4 turns
 29916 | D:15     | Found a sparkling altar of Nemelex Xobeh.
 30196 | D:15     | Reached skill level 10 in Dodging
 30386 | D:15     | Paralysed by an orc sorcerer for 5 turns
 30407 | D:15     | Found a staircase to the Depths.
 30475 | D:15     | Found a glowing silver altar of Zin.
 30756 | Snake:1  | Entered Level 1 of the Snake Pit
 30823 | Snake:1  | Upgraded the game from 0.25-a0-566-g062765be81 to
                  | 0.25-a0-577-ga4619f409e
 31216 | Snake:1  | Reached skill level 15 in Invocations
 31544 | Snake:1  | Noticed Asterion
 31564 | Snake:1  | Killed Asterion
 33399 | Snake:2  | Reached XP level 18. HP: 97/158 MP: 29/29
 34046 | Snake:2  | Found Engead's Gadget Boutique.
 34048 | Snake:2  | Found Siplegut's Jewellery Shoppe.
 34049 | Snake:2  | Found Riusk's Gadget Boutique.
 34841 | Snake:3  | Found Otroor's Distillery.
 34843 | Snake:3  | Found Duem Noofoph's Gadget Shoppe.
 34845 | Snake:3  | Found Kocsux's Jewellery Emporium.
 34849 | Snake:3  | Bought a potion of heal wounds for 85 gold pieces
 34979 | Snake:3  | Reached skill level 10 in Shields
 34989 | Snake:3  | Noticed Aizul
 34995 | Snake:3  | Noticed Bai Suzhen
 35008 | Snake:3  | Killed Aizul
 35013 | Snake:4  | Entered Level 4 of the Snake Pit
 36039 | Snake:3  | Killed Bai Suzhen
 38761 | Snake:4  | Reached skill level 14 in Fighting
 38932 | Snake:4  | Reached skill level 5 in Spellcasting
 39170 | Snake:4  | Reached XP level 19. HP: 162/167 MP: 31/31
 39566 | Snake:4  | Got a serpentine rune of Zot
 39956 | Swamp:1  | Entered Level 1 of the Swamp
 40122 | Swamp:1  | Identified the cursed +0 pair of gloves of Optimism {*Slow
                  | rPois rF- SInv}
 40122 | Swamp:1  | Noticed Nikola
 40131 | Swamp:1  | Killed Nikola
 40162 | Swamp:1  | Noticed Josephine
 40172 | Swamp:1  | Killed Josephine
 41461 | Swamp:3  | Identified Roxanne's Grimoire of Shape Shifting
 41461 | Swamp:3  | Noticed Roxanne
 41487 | Swamp:3  | Killed Roxanne
 41804 | Swamp:3  | Identified the ring "Agagg" {Ice rN+ MR+ Dex+3 SInv} (You
                  | acquired it on level 3 of the Swamp)
 41809 | Swamp:3  | Identified the +2 cloak of Muttered Phrases {rF- rCorr
                  | Stlth+} (You found it on level 3 of the Swamp)
 42663 | Swamp:4  | Entered Level 4 of the Swamp
 42696 | Swamp:4  | Reached skill level 15 in Fighting
 43894 | Swamp:4  | Reached XP level 20. HP: 168/178 MP: 32/32
 44336 | Swamp:4  | Noticed Mara
 44350 | Swamp:4  | Noticed Ijustatesigmund's illusion
 44423 | Swamp:3  | Upgraded the game from 0.25-a0-577-ga4619f409e to
                  | 0.25-a0-578-gc91f01c39c
 44426 | Swamp:4  | Noticed Ijustatesigmund's illusion
 44448 | Swamp:4  | Killed Mara
 44973 | Swamp:4  | Got a decaying rune of Zot
 46066 | Depths:1 | Entered Level 1 of the Depths
 46475 | Depths:1 | Found the +4 moon troll leather armour {Spirit, Regen++
                  | MP+5}
 46545 | Depths:1 | Found a one-way gate to the infinite horrors of the Abyss.
 46733 | Depths:1 | Found a gateway to a ziggurat.
 46822 | Depths:1 | Reached skill level 16 in Fighting
 46968 | Depths:1 | Found Loggian's Assorted Antiques.
 47697 | Depths:1 | Found a gateway to Hell.
 47804 | Depths:2 | Reached skill level 17 in Fighting
 47872 | Depths:2 | Found a snail-covered altar of Cheibriados.
 47874 | Depths:2 | Found a one-way gate leading to the halls of Pandemonium.
 47879 | Depths:2 | Found the +2 cloak of the Thief {+Fog Slay-2 SInv Stlth+}
 47913 | Depths:2 | Noticed a golden dragon
 47913 | Depths:2 | Noticed a golden dragon
 47917 | Depths:2 | Noticed a caustic shrike
 47924 | Depths:2 | Reached XP level 21. HP: 74/193 MP: 22/33
 47997 | Depths:2 | Reached skill level 18 in Fighting
 48072 | Depths:2 | Killed a golden dragon
 48216 | Depths:2 | Noticed a Brimstone Fiend
 48222 | Depths:2 | Killed a golden dragon
 48274 | Depths:2 | Noticed a caustic shrike
 48274 | Depths:2 | Noticed a caustic shrike
 48276 | Depths:2 | Noticed a caustic shrike
 48640 | Depths:2 | Reached skill level 19 in Fighting
 48673 | Depths:2 | Identified the +1 chain mail "Sohay" {rC+}
 48762 | Depths:2 | Noticed a caustic shrike
 48763 | Depths:2 | Noticed a caustic shrike
 48764 | Depths:2 | Noticed a caustic shrike
 48764 | Depths:2 | Noticed a caustic shrike
 48771 | Depths:2 | Killed a caustic shrike
 48773 | Depths:2 | HP: 9/199 [caustic shrike (13)]
 48773 | Depths:2 | HP: 2/199 [acid (7)]
 48773 | Depths:2 | Slain by a caustic shrike

Levels and vault maps discovered:
D:1:      matt_arrival_spirals, layout_basic
D:2:      layout_basic, minmay_circle_x, uniq_terence
D:3:      layout_loops_ring, chequers_ecumenical_altar_simple_redux,
          grunt_decor_arrowhead, uniq_sigmund
D:4:      layout_rooms, grunt_temple_overflow_forces_of_nature,
          gammafunk_temple_overflow_forgotten, serial_shops,
          kennysheep_mini_moat, enter_ossuary_2, minmay_bent
D:5:      layout_layer_cave, first_ration, minmay_ogre_servants
D:6:      layout_loops_ring, minmay_temple_entry_drinking_statues,
          kennysheep_generic_room_5, uniq_pikel
D:7:      layout_rooms, uniq_harold, uniq_duvessa
D:8:      layout_loops_ring, nicolae_overflow_crystal_walls, grunt_ogre_cave
D:9:      minmay_statue_hallways, layout_long_grid, grunt_temple_overflow_open,
          lair_entry_dummy, david_orc_5, minmay_another_anthill, uniq_gastronok
D:10:     layout_long_grid, basic_altar, serial_ice, serial_ice_f, serial_ice_e,
          serial_ice_k, serial_ice_a, mrwooster_statue_mirror,
          grunt_ministairs_4
D:11:     layout_loops_ring, serial_shops, nicolae_shop_waterfront, shop, shop,
          uniq_erica
D:12:     layout_stronghold, serial_shops, shop_statue,
          ebering_ghost_funeral_grove
D:13:     layout_rooms, gammafunk_ghost_icy, minmay_lindwurm_lava
D:14:     layout_small_grid, grunt_vaults_entry_tiered, serial_glass,
          glass_columns_a, glass_columns_b, serial_bayou_pond_a,
          solitary_fountain, minmay_statues_item, uniq_frances
D:15:     grunt_enter_depths_magical_seal, layout_basic, zin_angel,
          minmay_shop_grid_forest, minmay_misc_feat_enclosed,
          nemelex_diamond_rough_becter
Temple:   cyrus_temple_forest
Lair:1:   layout_roguey, minmay_lair_oklob_chamber
Lair:2:   layout_cave_pods, minmay_hedge_maze
Lair:3:   layout_regular_city, guppyfry_snake_entry_garden
Lair:4:   layout_roguey [special_room_bee], swamp_mist, fungi_pond_lemuel,
          serial_bayou_crossing
Lair:5:   layout_hall_layers, slime_altar_2, minmay_lair_oklob_bushes
Lair:6:   minmay_lair_end_frog_pond, layout_cave_shapes
Swamp:1:  layout_falls_marsh, wheals_swamp_sinkhole, uniq_nikola, uniq_josephine
Swamp:2:  layout_basic_swamp, nicolae_swamp_very_dense_foliage
Swamp:3:  layout_basic_swamp, nicolae_swamp_little_tower, uniq_roxanne
Swamp:4:  swamp_alternative, layout_basic_swamp, uniq_mara
Snake:1:  layout_chambers, grunt_megastairs_4, uniq_asterion
Snake:2:  layout_onion, st_stairs_10, minmay_shop_grove
Snake:3:  layout_cave_shapes, library_closet, minmay_shop_star, uniq_bai_suzhen,
          uniq_aizul
Snake:4:  grunt_snake_rune_pools, layout_misc_corridors
Orc:1:    layout_caves, portal_ice_cave_entry_pillars_1, basic_altar,
          ebering_ghost_xom, nicolae_orc_rockfall, uniq_snorg
Orc:2:    pubby_orc_utopia
Depths:1: layout_honeycomb, enter_ziggurat_f, abyss_entry, pf_coc_iceberg,
          serial_shops, nicolae_shop_behind_doors, minmay_misc_feat_alley,
          minmay_starry_boxes
Depths:2: grunt_profane_halls [grunt_profane_temple_tar,
          grunt_profane_temple_geh, grunt_profane_temple_coc,
          grunt_profane_temple_dis, grunt_profane_loot], hell_entry, pan_entry,
          uniq_saint_roka

Skill      XL: |  1  2  3  4  5  6  7  8  9 10 11 12 13 14 15 16 17 18 19 20 21 |
---------------+----------------------------------------------------------------+-----
Fighting       | 3 4 5 6 7 8 9 10 11 12 13 14 15 17 19 | 19.4
Long Blades    | 4 5 6 7 8 9 10 11 12 13 14 | 14.9
Armour         | 1 2 4 5 7 9 10 11 12 | 12.2
Shields        | 3 6 8 9 10 11 | 11.4
Invocations    | 1 4 5 7 9 10 11 12 14 15 16 17 | 17.2
Throwing       | 3 5 |  5.1
Evocations     | 4 5 |  5.6
Dodging        | 4 6 8 13 14 | 14.6
Translocations | 2 5 |  5.5
Spellcasting   | 5 8 |  8.6

Action                   |  1- 3 |  4- 6 |  7- 9 | 10-12 | 13-15 | 16-18 | 19-21 || total
-------------------------+-------+-------+-------+-------+-------+-------+-------++-------
Melee: Long sword        |    67 |   149 |   427 |   882 |       |       |       ||  1525
       Scimitar          |       |       |       |    82 |   372 |       |       ||   454
       Double sword      |       |       |       |       |   594 |  1182 |   936 ||  2712
Throw: Throwing net      |       |     6 |     3 |       |       |       |       ||     9
       Dart              |       |    12 |    39 |    52 |     3 |     2 |     1 ||   109
Invok: Divine Shield     |       |       |       |     3 |     6 |     6 |     7 ||    22
       Cleansing Flame   |       |       |       |       |     6 |     4 |    12 ||    22
       Summon Divine War |       |       |       |       |       |     1 |     3 ||     4
 Abil: Evoke Flight      |       |       |       |       |     1 |       |       ||     1
Evoke: Wand              |       |       |       |     6 |    11 |     4 |    16 ||    37
  Use: Scroll            |     5 |     3 |    13 |    11 |    10 |     7 |     8 ||    57
       Potion            |       |       |     2 |    16 |     3 |     3 |    15 ||    39
 Stab: Distracted        |       |     1 |       |       |       |       |       ||     1
       Held in net/web   |       |     1 |     1 |       |       |       |       ||     2
  Eat: Chunk             |     1 |     6 |     4 |     7 |    17 |    21 |     3 ||    59
       Ration            |       |       |     2 |     8 |     5 |     7 |     9 ||    31
Armor: Leather armour    |    26 |     3 |       |       |       |       |       ||    29
       Chain mail        |       |    76 |    66 |       |       |       |       ||   142
       Scale mail        |       |       |    98 |    89 |       |       |       ||   187
       Ring mail         |       |       |       |   137 |    22 |       |       ||   159
       Plate armour      |       |       |       |       |   371 |   508 |   354 ||  1233
Dodge: Dodged            |    54 |    84 |   234 |   464 |   329 |   480 |   471 ||  2116
       Deflected         |       |       |       |       |     1 |    70 |    32 ||   103
Block: Kite shield       |       |       |   125 |   621 |   625 |   964 |   860 ||  3195
       Reflection        |       |       |       |       |       |       |    41 ||    41
       Rpst.: Long sword |    15 |    27 |    83 |   108 |       |       |       ||   233
       Scimitar          |       |       |       |     5 |    39 |       |       ||    44
       Double sword      |       |       |       |       |    41 |    87 |    64 ||   192

Table legend:
 A = Non-vault XP
 B = Vault XP
 C = Vault XP percentage of total XP
 D = Non-vault monster count
 E = Vault monster count
 F = Vault count percentage of total count
                 A         B        C        D         E       F
            +---------+---------+-------+---------+---------+-------
      Total |  240962 |  220668 |  47.8 |     858 |     558 |  39.4
            +---------+---------+-------+---------+---------+-------
        D:1 |      47 |       0 |   0.0 |      25 |       0 |   0.0
        D:2 |      75 |      71 |  48.6 |      22 |       8 |  26.7
        D:3 |      57 |     197 |  77.6 |      15 |       1 |   6.2
        D:4 |     493 |     144 |  22.6 |      27 |       7 |  20.6
        D:5 |     337 |       0 |   0.0 |       5 |       0 |   0.0
        D:6 |    1262 |    1932 |  60.5 |      25 |       4 |  13.8
        D:7 |    1138 |       0 |   0.0 |      10 |       0 |   0.0
        D:8 |    1329 |     278 |  17.3 |      34 |       2 |   5.6
        D:9 |    1131 |    5176 |  82.1 |      25 |      47 |  65.3
       D:10 |    2436 |     593 |  19.6 |      20 |       8 |  28.6
       D:11 |    4762 |     912 |  16.1 |      45 |       1 |   2.2
       D:12 |    6301 |       0 |   0.0 |      31 |       0 |   0.0
       D:13 |    6343 |    5979 |  48.5 |      32 |      15 |  31.9
       D:14 |   11069 |   11737 |  51.5 |      36 |      26 |  41.9
       D:15 |   14217 |    3902 |  21.5 |      35 |       9 |  20.5
     Lair:1 |    1427 |       0 |   0.0 |       7 |       0 |   0.0
     Lair:2 |    5789 |       0 |   0.0 |      18 |       0 |   0.0
     Lair:3 |    3906 |     323 |   7.6 |      19 |       2 |   9.5
     Lair:4 |    6698 |    2170 |  24.5 |      26 |      20 |  43.5
     Lair:5 |    2300 |      57 |   2.4 |      10 |       3 |  23.1
     Lair:6 |   17948 |   12094 |  40.3 |      45 |      48 |  51.6
    Swamp:1 |    8502 |    6300 |  42.6 |      26 |       7 |  21.2
    Swamp:2 |   11163 |       0 |   0.0 |      33 |       0 |   0.0
    Swamp:3 |   11544 |    1875 |  14.0 |      32 |       1 |   3.0
    Swamp:4 |   10131 |   23979 |  70.3 |      29 |      23 |  44.2
    Snake:1 |   12736 |    3804 |  23.0 |      21 |       5 |  19.2
    Snake:2 |   26551 |    1167 |   4.2 |      53 |       3 |   5.4
    Snake:3 |   19871 |    6999 |  26.0 |      41 |       3 |   6.8
    Snake:4 |   12190 |   35770 |  74.6 |      23 |      54 |  70.1
      Orc:1 |    4732 |    3534 |  42.8 |      41 |       4 |   8.9
      Orc:2 |       0 |   21046 | 100.0 |       0 |     147 | 100.0
   Depths:1 |   33380 |    3646 |   9.8 |      46 |       5 |   9.8
   Depths:2 |    1097 |   64153 |  98.3 |       1 |      74 |  98.7
    Ossuary |       0 |     186 | 100.0 |       0 |      21 | 100.0
      IceCv |       0 |    2644 | 100.0 |       0 |      10 | 100.0
            +---------+---------+-------+---------+---------+-------
